[Event "*** Titled Tuesday 3|2 Blitz"]
[Site "Chess.com"]
[Date "2016.09.06"]
[Round "5"]
[White "joppie2"]
[Black "wonderfultime"]
[Result "0-1"]
[WhiteElo "2509"]
[BlackElo "2664"]
[TimeControl "180+2"]
[EndTime "12:07:02 PDT"]
[Termination "wonderfultime won by resignation"]

1. e4 c5 2. Nc3 Nc6 3. Bb5 Nd4 4.
Nf3 Nxb5 5. Nxb5 d6 6. d4 cxd4 7. Qxd4 Bd7 8. Nc3 Bc6 9. Bg5 Nf6 10. O-O-O h6 11. Bh4 Qb6 12. Qd3 e6 13. Bxf6 gxf6 14. Nd4 Be7 15. Rhe1 a6 16. f4 Bd7 17. Nf5 Rc8 18. Nxe7 Kxe7 19. e5 fxe5 20. fxe5 d5 21. Qxd5 Bc6 22. Qd6+ Ke8 23. Ne4 Bxe4 24. Qd7+ Kf8 25.
Qxc8+ Kg7 26. Qc3 Bg6 27. Rd6 Qf2 28. Qd2 Qf5 29. Rd3 Rc8 30. Rc3 Rb8 31. Rf3 Qh5 32. h3 Qh4 33. Ref1 Rc8 34. Rc3 Rd8 35. Qe3 Kh7 36.
b3 Qb4 37. Rc7 Kg8 38. Qf4 Qa3+ 39. Kb1 Qf8 40. Kb2 Rc8 41. Rxc8 Qxc8 42. Rf2 Kh7 43.
Rd2 Qc5 44. c4 b5 45. Qd4 Qc6 46. c5 a5 47. Re2 b4 48. a3 Qb7 49. a4 Qa6 50. Rf2 Qc6 51. h4 h5 52. Qe3 Kg8 53. Rd2 Kh7 54. Rf2 Qd5 55. Rd2 Qc6 56. Qf2 Qe4 57. Rd1 Qxe5+ 58. Ka2 Qc3 59. Qb2 Qxc5 60.
Rd8 e5 61. Re8 f6 62. Rd8 Bf7 63. Rd7 Kg8 64. Rd8+ Kg7 65. Rd3 e4 66. Rd7 e3 67.
Rd3 Kg6 68. Qe2 Kg7 69. Rxe3 Qd4 70. Rg3+ Kf8 71. Rd3 Qxh4 72. Qd2 Kg7 73. Rd7 Qe4 74. Kb2 Qe6 75. Rd3 Qe5+ 76. Rd4 Qe6 77. Qd3 Qe5 78. Kc1 Qg5+ 79. Qd2 Qf5 80. Kb2 Qe5 81. Ka2 Qe8 82.
Qb2 Qxa4+ 83. Kb1 Bg6+ 84. Kc1 Qc6+ 85. Rc4 Qd6 86. Qd2 Qe5 87. Rd4 Bf7 88. Kb2 Qe6 89. Rd3 Qe5+ 90. Kc2 Bg6 91. Kd1 Bxd3 92. Qxd3 Qe6 93.
Qg3+ Qg4+ 0-1

[Event "*** Titled Tuesday 3|2 Blitz"]
[Site "Chess.com"]
[Date "2016.09.06"]
[Round "6"]
[White "FairChess_on_YouTube"]
[Black "Tash_Boy"]
[Result "1-0"]
[WhiteElo "2693"]
[BlackElo "2416"]
[TimeControl "180+2"]
[EndTime "12:09:55 PDT"]
[Termination "FairChess_on_YouTube won by resignation"]

1. e4 c5 2. Nf3 d6 3. d4 cxd4 4. Nxd4 Nf6 5. Nc3 e6 6. f4 Nc6 7. Be3 Be7 8. Be2 O-O 9. Qd2 Bd7 10.
O-O-O e5 11. Nf5 Bxf5 12. exf5 exf4 13. Bxf4 Ne5 14. g4 Nexg4 15. Bxg4 Nxg4 16. Rhg1 Ne5 17. Bxe5 dxe5 18. Qg2 1-0

[Event "*** Titled Tuesday 3|2 Blitz"]
[Site "Chess.com"]
[Date "2016.09.06"]
[Round "6"]
[White "wonderfultime"]
[Black "Dlugy"]
[Result "1-0"]
[WhiteElo "2670"]
[BlackElo "2563"]
[TimeControl "180+2"]
[EndTime "12:10:40 PDT"]
[Termination "wonderfultime won by resignation"]

1. d4 d5 2. c4 dxc4 3. e4 b5 4. a4 c6 5. Nf3 a6 6. b3 cxb3 7.
axb5 cxb5 8. Bxb5+ Bd7 9. Bxd7+ Nxd7 10. Qxb3 e6 11. O-O Ngf6 12. Nc3 Be7 13. e5 Ng8 14. d5 Nc5 15. Qc4 exd5 16. Nxd5 Ne6 17. Rd1 Qc8 18. Qa4+ Kf8 19. Nb6 Qe8 20. Nd7+ 1-0

[Event "*** Titled Tuesday 3|2 Blitz"]
[Site "Chess.com"]
[Date "2016.09.06"]
[Round "6"]
[White "Alexander_Donchenko"]
[Black "Lapitch"]
[Result "0-1"]
[WhiteElo "2496"]
[BlackElo "2550"]
[TimeControl "180+2"]
[EndTime "12:11:11 PDT"]
[Termination "Lapitch won by resignation"]

1. c4 e5 2. g3 Nf6 3. Bg2 c6 4. d4 e4 5. Nc3 d5 6. Bg5 Bb4 7. Rc1 Nbd7 8. cxd5 cxd5 9. a3 Bxc3+ 10. Rxc3 h6 11. Bf4 O-O 12. Nh3 Nb8 13. Bxb8 Rxb8 14.
e3 Bg4 15. Qa4 b5 16. Qxa7 b4 17. axb4 Ra8 18. Qc7 Ra1+ 19. Kd2 Rxh1 20. Bxh1 Bxh3 21. b5 Qxc7 22. Rxc7 Rb8 23. Rc5 Bf1 24. Kc3 Bxb5 25.
f3 Bd3 26. fxe4 Bxe4 0-1

[Event "*** Titled Tuesday 3|2 Blitz"]
[Site "Chess.com"]
[Date "2016.09.06"]
[Round "6"]
[White "Rating-Schmating"]
[Black "PowerThinking2650"]
[Result "1-0"]
[WhiteElo "2225"]
[BlackElo "2149"]
[TimeControl "180+2"]
[EndTime "12:11:44 PDT"]
[Termination "Rating-Schmating won by resignation"]

1. e4 e5 2. Nf3 Nc6 3. d4 exd4 4. Nxd4 Nf6 5. Nxc6 bxc6 6. e5 Qe7 7. Qe2 Nd5 8. c4 Ba6 9. Nd2 g6 10. Nf3 Bg7 11.
Qe4 Nb6 12. b3 d5 13. cxd5 cxd5 14. Qd4 c5 15. Qf4 Bxf1 16. Kxf1 O-O 17. g3 f6 18.
e6 f5 19. Rb1 Qxe6 20. Kg2 Qe4 21. Be3 d4 22. Bd2 Nd5 23. Qd6 Rfd8 24. Qxc5 Rac8 25. Qa5 Rc2 26. Rbe1 Ne3+ 27. Rxe3 dxe3 28. Qxd8+ 1-0

[Event "*** Titled Tuesday 3|2 Blitz"]
[Site "Chess.com"]
[Date "2016.09.06"]
[Round "6"]
[White "petrpalachev"]
[Black "Misha_Bilous"]
[Result "0-1"]
[WhiteElo "2402"]
[BlackElo "2368"]
[TimeControl "180+2"]
[EndTime "12:11:47 PDT"]
[Termination "Misha_Bilous won by resignation"]

1. d4 Nf6 2. c4 g6 3. Nc3 Bg7 4. Nf3 O-O 5. e4 d6 6. Be2 e5 7. O-O Nc6 8. d5 Ne7 9. Ne1 Nd7 10. f3 f5 11. Be3 f4 12. Bf2 g5 13. Nd3 Ng6 14.
c5 Nf6 15. Rc1 Rf7 16. cxd6 cxd6 17. Nb5 a6 18. Na7 Bd7 19. a4 g4 20. b4 g3 21.
hxg3 fxg3 22. Be3 Nh5 23. Re1 Qh4 24. Kf1 Qh1+ 25. Bg1 Nh4 0-1

[Event "*** Titled Tuesday 3|2 Blitz"]
[Site "Chess.com"]
[Date "2016.09.06"]
[Round "6"]
[White "RamonManon0g"]
[Black "Polemistis"]
[Result "0-1"]
[WhiteElo "2183"]
[BlackElo "1825"]
[TimeControl "180+2"]
[EndTime "12:11:55 PDT"]
[Termination "Polemistis won by resignation"]

1. d4 Nf6 2. c4 c5 3. d5 b5 4.
cxb5 a6 5. bxa6 g6 6. Nc3 Bxa6 7. e4 Bxf1 8. Kxf1 d6 9. Nf3 Bg7 10. g3 Nbd7 11. Kg2 O-O 12. a4 Qa5 13. Qc2 Rfb8 14. Ra3 Ne8 15. Nb5 Nc7 16. Nxc7 Qxc7 17. Bd2 Rxb2 18. Qc1 Rb7 19. Bc3 Bxc3 20. Qxc3 Qa5 21. Qa1 Rb4 22. e5 dxe5 23. d6 exd6 24. Qd1 Ra6 25.
Qd5 Nf6 26. Qd3 Rxa4 27. Rb3 e4 28. Rb8+ Kg7 29. Qe3 exf3+ 30. Qxf3 c4 31. Rd1 Qf5 32. Rd8 Qxf3+ 33. Kxf3 Ra3+ 34. Kf4 c3 35. Rc8 R6a4+ 36. Ke3 c2+ 37. Rd3 Nd5+ 38. Kd2 Rxd3+ 39. Kxd3 Ra2 0-1

[Event "*** Titled Tuesday 3|2 Blitz"]
[Site "Chess.com"]
[Date "2016.09.06"]
[Round "6"]
[White "Aygehovit1992"]
[Black "AlexanderL"]
[Result "0-1"]
[WhiteElo "2407"]
[BlackElo "2534"]
[TimeControl "180+2"]
[EndTime "12:12:05 PDT"]
[Termination "AlexanderL won by resignation"]

1. e4 e6 2. d4 d5 3. Bd3 dxe4 4. Bxe4 Nf6 5. Bg5 Be7 6. Bxf6 Bxf6 7. Nf3 c5 8. c3 cxd4 9. Nxd4 O-O 10. O-O Nd7 11.
Nd2 Nc5 12. Bxh7+ Kxh7 13. Qh5+ Kg8 14. Qxc5 b6 15. Qb4 Bxd4 16. cxd4 Bb7 17. Rfe1 Qg5 18. f3 Rfc8 19. Ne4 Bxe4 20. Rxe4 Rc2 21. Rg4 Qe3+ 22. Kh1 Rc1+ 0-1

[Event "*** Titled Tuesday 3|2 Blitz"]
[Site "Chess.com"]
[Date "2016.09.06"]
[Round "6"]
[White "E-Shaposhnikov"]
[Black "igorkovalenko"]
[Result "1-0"]
[WhiteElo "2659"]
[BlackElo "2601"]
[TimeControl "180+2"]
[EndTime "12:12:23 PDT"]
[Termination "E-Shaposhnikov won by resignation"]

1. Nf3 e6 2. c4 d5 3. d4 Nf6 4. Nc3 dxc4 5. e4 Bb4 6. Bxc4 Nxe4 7. O-O Nxc3 8. bxc3 Be7 9. Ne5 O-O 10. Qg4 Nc6 11.
Bf4 f5 12. Qg3 Bd6 13. Rfe1 Nxe5 14. Bxe5 Rf7 15. Re2 Bxe5 16. Rxe5 Qd6 17. Rae1 Bd7 18. d5 f4 19. Qf3 Rf5 20. Rxe6 Bxe6 21. Rxe6 Qa3 22. d6 Kh8 23. Qxb7 Rd8 24. dxc7 Rd1+ 25.
Bf1 h5 26. c8=Q+ Kh7 27. Qe4 Qa5 1-0

[Event "*** Titled Tuesday 3|2 Blitz"]
[Site "Chess.com"]
[Date "2016.09.06"]
[Round "6"]
[White "Lali-Rustavi"]
[Black "MattyDPerrine"]
[Result "0-1"]
[WhiteElo "1818"]
[BlackElo "2202"]
[TimeControl "180+2"]
[EndTime "12:12:30 PDT"]
[Termination "MattyDPerrine won by resignation"]

1. c4 Nf6 2. Nc3 c5 3. g3 g6 4. Bg2 Bg7 5. e3 O-O 6. Nge2 Nc6 7. O-O d6 8. a3 Bf5 9. d3 Ne5 10. e4 Bc8 11. f4 Nc6 12. h3 Ne8 13. f5 Nc7 14. g4 Rb8 15. Be3 b5 16. Qd2 bxc4 17.
dxc4 Na5 18. Qd3 Ba6 19. f6 Bxf6 20. Rxf6 exf6 21. Nd5 Nxd5 22. exd5 Bxc4 23. Qd2 Nb3 24. Qc2 Bxe2 25. Qxe2 Nxa1 26. Bh6 Re8 27. Qd3 Rxb2 28. h4 Re1+ 29. Kh2 Ree2 0-1

[Event "*** Titled Tuesday 3|2 Blitz"]
[Site "Chess.com"]
[Date "2016.09.06"]
[Round "6"]
[White "Usurpov"]
[Black "SCIM"]
[Result "1-0"]
[WhiteElo "2318"]
[BlackElo "2242"]
[TimeControl "180+2"]
[EndTime "12:12:34 PDT"]
[Termination "Usurpov won by resignation"]

1. e4 c5 2. Nf3 e6 3. c3 Nf6 4. e5 Nd5 5. g3 Nc6 6. Bg2 d6 7.
exd6 Bxd6 8. O-O O-O 9. d4 cxd4 10. Nxd4 Nxd4 11. Qxd4 Bd7 12. Nd2 Bc6 13. Nc4 Be7 14. Ne5 Bf6 15. Nxc6 bxc6 16. Qe4 Qb6 17. c4 Nb4 18.
Be3 c5 19. a3 Na6 20. Rab1 Rac8 21. b4 Qc7 22. Qb7 Qb6 23. Qxb6 axb6 24. Bb7 Ra8 25. Bxa8 Rxa8 26. bxc5 Nxc5 27. Rxb6 Ne4 28. Rfb1 Be5 29. Bf4 Bxf4 30. gxf4 g5 31. Rb8+ 1-0

[Event "*** Titled Tuesday 3|2 Blitz"]
[Site "Chess.com"]
[Date "2016.09.06"]
[Round "6"]
[White "MateusViageiro"]
[Black "Haykos"]
[Result "1-0"]
[WhiteElo "2366"]
[BlackElo "2243"]
[TimeControl "180+2"]
[EndTime "12:12:37 PDT"]
[Termination "MateusViageiro won by resignation"]

1. e4 e5 2. Nf3 Nc6 3. Bb5 a6 4. Ba4 Nge7 5. O-O g6 6. c3 Bg7 7.
d4 exd4 8. cxd4 b5 9. Bc2 O-O 10. Nc3 Bb7 11. d5 Na5 12. Bg5 h6 13. Bh4 g5 14.
Bg3 Ng6 15. e5 d6 16. e6 Qf6 17. Re1 Rae8 18. exf7+ Qxf7 19. Qd3 Kh7 20. Ne4 Bf6 21. h4 g4 22. h5 gxf3 23. hxg6+ 1-0

[Event "*** Titled Tuesday 3|2 Blitz"]
[Site "Chess.com"]
[Date "2016.09.06"]
[Round "6"]
[White "dretch"]
[Black "ruifeng"]
[Result "1-0"]
[WhiteElo "2619"]
[BlackElo "2343"]
[TimeControl "180+2"]
[EndTime "12:13:23 PDT"]
[Termination "dretch won by resignation"]

1. d4 e6 2. c4 b6 3. e4 Bb7 4. Bd3 d6 5. Ne2 Nd7 6. Nbc3 Ngf6 7. O-O Be7 8. Ng3 c5 9. d5 O-O 10. f4 a6 11. b3 b5 12. Kh1 exd5 13. exd5 b4 14.
Nce2 Re8 15. Bb2 Bf8 16. Qc2 g6 17. Ng1 Bg7 18. Nh3 Ng4 19. Bxg7 Kxg7 20. Qd2 Qf6 21. Ne4 Qd4 22. Nhg5 Ndf6 23. Nxd6 Re3 24. Rad1 Bc8 25. Ngxf7 Ra7 26. Ne5 Nxe5 27. fxe5 Qxe5 28. Nxc8 Ng4 29. g3 Rxd3 30. Qxd3 Qb2 31. Rd2 1-0

[Event "*** Titled Tuesday 3|2 Blitz"]
[Site "Chess.com"]
[Date "2016.09.06"]
[Round "6"]
[White "alturas_pacificas"]
[Black "Iuri_Shkuro"]
[Result "0-1"]
[WhiteElo "2150"]
[BlackElo "2475"]
[TimeControl "180+2"]
[EndTime "12:13:31 PDT"]
[Termination "Iuri_Shkuro won by resignation"]

1. d4 Nc6 2. Bf4 d6 3. Nf3 h6 4. d5 Nb8 5. e4 g5 6. Bg3 Bg7 7.
Nc3 Nf6 8. Be2 O-O 9. O-O c6 10. Re1 a5 11. Nd4 a4 12. a3 Qb6 13. Rb1 Nxe4 14.
Nxe4 Qxd4 15. Qxd4 Bxd4 16. dxc6 Nxc6 17. c3 Bg7 18. Bb5 f5 19. Nd2 f4 20. Bxc6 bxc6 21. Rxe7 fxg3 22. hxg3 Rf7 23. Re8+ Rf8 24. Re7 Rb8 25. Nc4 Bf5 26. Rbe1 d5 27. Nd6 Rxb2 28. Rc7 Rb1 29. Rxb1 Bxb1 30. Rxc6 Ba2 31. Rc7 Be5 0-1

[Event "*** Titled Tuesday 3|2 Blitz"]
[Site "Chess.com"]
[Date "2016.09.06"]
[Round "6"]
[White "macko06"]
[Black "Haridaskesavan"]
[Result "1-0"]
[WhiteElo "2187"]
[BlackElo "2197"]
[TimeControl "180+2"]
[EndTime "12:13:39 PDT"]
[Termination "macko06 won by resignation"]

1. d4 Nf6 2. Nf3 g6 3. c4 Bg7 4. Nc3 O-O 5. g3 d6 6. Bg2 Nc6 7. O-O e5 8. dxe5 Nxe5 9. Nxe5 dxe5 10. Bg5 Qxd1 11. Rfxd1 c6 12. Rd6 Nd7 13. Rad1 Nb6 14.
b3 f6 15. Be3 Re8 16. c5 Nd7 17. Rxd7 Bxd7 18. Rxd7 Rab8 19. Ne4 Red8 20. Rxd8+ Rxd8 21. Nd6 b6 22. Bxc6 bxc5 23. Bd5+ Kf8 24. Bxc5 Rb8 25. Bxa7 Rd8 26. Bc5 Rb8 27. a4 Ke7 28. Nf5+ Kd7 29. Nxg7 Rc8 30. Be6+ 1-0

[Event "*** Titled Tuesday 3|2 Blitz"]
[Site "Chess.com"]
[Date "2016.09.06"]
[Round "6"]
[White "Yaacovn"]
[Black "viktorskliarov"]
[Result "0-1"]
[WhiteElo "2635"]
[BlackElo "2457"]
[TimeControl "180+2"]
[EndTime "12:13:42 PDT"]
[Termination "viktorskliarov won on time"]

1. d4 Nf6 2. Nf3 e6 3. c4 b6 4.
g3 Bb7 5. Bg2 g6 6. O-O Bg7 7.
d5 exd5 8. Nh4 O-O 9. Nc3 d6 10. Bg5 h6 11. Bd2 Nbd7 12. cxd5 Re8 13. Rc1 a6 14.
Re1 b5 15. e4 Nc5 16. Qc2 Rc8 17. b4 Ncd7 18. Nf3 Nb6 19. Nd4 Nc4 20. Nb3 Nxd2 21. Qxd2 h5 22. Nd4 Kh7 23. Rcd1 Ng4 24. Qe2 c5 25. dxc6 Bxc6 26. Nxc6 Rxc6 27. Nd5 Rc4 28.
h3 Nf6 29. Nxf6+ Bxf6 0-1

[Event "*** Titled Tuesday 3|2 Blitz"]
[Site "Chess.com"]
[Date "2016.09.06"]
[Round "6"]
[White "IamSchrodingersCat"]
[Black "Wolverine_master"]
[Result "1-0"]
[WhiteElo "2281"]
[BlackElo "2048"]
[TimeControl "180+2"]
[EndTime "12:13:51 PDT"]
[Termination "IamSchrodingersCat won by resignation"]

1. e4 d5 2. exd5 Qxd5 3. Nc3 Qd6 4. Bc4 Nf6 5. d3 a6 6. Bb3 Nc6 7. Nge2 e5 8. Be3 Be7 9. h3 O-O 10. O-O b5 11. Ng3 Bb7 12. Nce4 Nxe4 13. Nxe4 Qg6 14. Qg4 Qxg4 15. hxg4 Nd4 16. f3 a5 17. c3 Nxb3 18. axb3 Bxe4 19. dxe4 Rfd8 20. Rfd1 Bd6 21. Kf1 Kf8 22. Ke2 Ke7 23. Rd5 c6 24. Rdd1 Ke6 25. Bb6 Rdb8 26. Bxa5 Ra6 27. Bc7 Rxa1 28. Rxd6+ Ke7 29. Bxb8 Ra8 30. Bc7 Rc8 31. Rxc6 Kd7 32.
Rc5 Rxc7 33. Rxc7+ Kxc7 34. Kd3 Kc6 35. b4 g6 36. b3 h5 37. gxh5 gxh5 38. c4 f6 39. Ke3 h4 40. Kf2 Kd6 41. g3 hxg3+ 42. Kxg3 Ke6 43. Kg4 Ke7 44. Kf5 bxc4 45. bxc4 1-0

[Event "*** Titled Tuesday 3|2 Blitz"]
[Site "Chess.com"]
[Date "2016.09.06"]
[Round "6"]
[White "ftorodent"]
[Black "Keranke"]
[Result "1-0"]
[WhiteElo "2500"]
[BlackElo "2535"]
[TimeControl "180+2"]
[EndTime "12:14:09 PDT"]
[Termination "ftorodent won by checkmate"]

1. d4 d5 2. c4 c6 3. cxd5 cxd5 4. Bf4 Nc6 5. e3 Nf6 6. Nc3 Qb6 7. Bd3 Bg4 8. f3 Qxb2 9. Nge2 Bd7 10. Rb1 Qa3 11.
O-O a6 12. Rxb7 e6 13. e4 Bb4 14. Qc2 Nxd4 15. Nxd4 Qxc3 16. Qxc3 Bxc3 17. Ne2 dxe4 18.
fxe4 Ba5 19. Bd6 Bd8 20. e5 Bc6 21. Rbb1 Nd5 22. Rfc1 Bd7 23. Nc3 Nxc3 24. Rxc3 Be7 25. Rb7 Bxd6 26. exd6 Bb5 27. Re7+ Kf8 28. Bxb5 axb5 29.
Rcc7 Rxa2 30. Rc8# 1-0

[Event "*** Titled Tuesday 3|2 Blitz"]
[Site "Chess.com"]
[Date "2016.09.06"]
[Round "6"]
[White "Mepetmepe"]
[Black "joppie2"]
[Result "1-0"]
[WhiteElo "2386"]
[BlackElo "2498"]
[TimeControl "180+2"]
[EndTime "12:14:15 PDT"]
[Termination "Mepetmepe won by resignation"]

1. d4 Nf6 2. c4 g6 3. Nc3 Bg7 4.
e4 d6 5. Nf3 O-O 6. h3 c5 7. d5 e6 8. Bd3 exd5 9. exd5 Re8+ 10. Be3 Bh6 11. O-O Bxe3 12. fxe3 Nbd7 13. e4 Qe7 14. Qc2 Rf8 15. Rae1 Ne5 16. Nxe5 Qxe5 17. a3 Nd7 18. b4 b6 19. Nd1 Qe7 20. Ne3 Ne5 21. Be2 Bd7 22. Qd1 a5 23. bxc5 bxc5 24. Bg4 Rab8 25. Bxd7 Qxd7 26. Rf6 Qe7 27. Ref1 Kg7 28.
Ng4 Nxg4 29. Qxg4 Qe5 30. Qd7 Qe8 31. Qxd6 Qxe4 32. Qxc5 Rb2 33. R6f2 Rxf2 34. Qxf2 Qxc4 35. Qf6+ Kg8 36. d6 Qd5 37. Qe7 Qc5+ 38. Kh1 Qxa3 39. Re1 Kg7 40. Qe5+ f6 41. Qd5 Rf7 42. d7 Qc3 43.
Rd1 1-0

[Event "*** Titled Tuesday 3|2 Blitz"]
[Site "Chess.com"]
[Date "2016.09.06"]
[Round "6"]
[White "Rsnr"]
[Black "severomorskij"]
[Result "0-1"]
[WhiteElo "2515"]
[BlackElo "2621"]
[TimeControl "180+2"]
[EndTime "12:14:20 PDT"]
[Termination "severomorskij won by resignation"]

1. d4 Nf6 2. c4 e6 3. Nf3 Bb4+ 4. Nbd2 b6 5. a3 Bxd2+ 6. Qxd2 Bb7 7. e3 O-O 8. Be2 d6 9. O-O Nbd7 10. b4 Ne4 11. Qc2 f5 12. d5 Rf6 13. Nd4 Nf8 14. f3 Ng5 15. e4 f4 16. Nxe6 Nfxe6 17. dxe6 Nxe6 18.
Bb2 Rh6 19. Bd3 Qh4 20. h3 Ng5 21. Rf2 Re8 22. Bf1 Qg3 23. Kh1 Rxe4 24. Rd1 Re3 25. Rd3 Nxh3 26. gxh3 Bxf3+ 27. Rxf3 Qxf3+ 28. Bg2 Rxh3+ 29. Kg1 Re1+ 0-1

[Event "*** Titled Tuesday 3|2 Blitz"]
[Site "Chess.com"]
[Date "2016.09.06"]
[Round "6"]
[White "Journey_to_GrandMaster_YT"]
[Black "GianmarcoVaR"]
[Result "0-1"]
[WhiteElo "2344"]
[BlackElo "2402"]
[TimeControl "180+2"]
[EndTime "12:14:28 PDT"]
[Termination "GianmarcoVaR won by checkmate"]

1. d4 Nf6 2. Nf3 e6 3. e3 b6 4. Bd3 Bb7 5. Nbd2 d5 6. b3 Bd6 7. Bb2 O-O 8. Ne5 c5 9. O-O Nc6 10. a3 Qc7 11. Ndf3 Ne4 12. Nxc6 Bxc6 13. Ne5 Bb7 14.
Qh5 f6 15. Ng4 c4 16. Be2 f5 17. Ne5 c3 18. Bc1 Bxe5 19. dxe5 Qxe5 20. Bd3 Rf6 21. h3 Raf8 22. a4 Rh6 23. Qf3 Rff6 24. a5 b5 25.
a6 Bc6 26. Qf4 Qxf4 27. exf4 d4 28. Ba3 Nd2 29. Rfe1 Rfg6 30. Bf1 Nf3+ 31. Kh1 Rxh3+ 32. gxh3 Rg1# 0-1

[Event "*** Titled Tuesday 3|2 Blitz"]
[Site "Chess.com"]
[Date "2016.09.06"]
[Round "6"]
[White "AnastasiaProtopopova"]
[Black "CraiggoryC"]
[Result "1-0"]
[WhiteElo "2086"]
[BlackElo "2016"]
[TimeControl "180+2"]
[EndTime "12:14:40 PDT"]
[Termination "AnastasiaProtopopova won on time"]

1. d4 Nf6 2. c4 c6 3. Nf3 d5 4. e3 e6 5. b3 Nbd7 6. Nbd2 b6 7. Bb2 Bb7 8. Bd3 Be7 9. O-O O-O 10.
Ne5 Rc8 11. f4 c5 12. Qf3 Qc7 13. cxd5 exd5 14. Qh3 Nxe5 15. fxe5 Ne4 16. Nxe4 dxe4 17. Bc4 Rcd8 18. Rad1 Bd5 19. Bxd5 Rxd5 20. Qg4 cxd4 21.
exd4 Qc2 22. Rf2 Qc6 23. Qxe4 Rfd8 24. Rdf1 Qe8 25. Rf3 f6 26. Rh3 Qg6 27. Qf3 fxe5 28. Rg3 e4 29. Qf4 Qf6 30. Qxe4 1-0

[Event "*** Titled Tuesday 3|2 Blitz"]
[Site "Chess.com"]
[Date "2016.09.06"]
[Round "6"]
[White "talaicito"]
[Black "Sinquefield"]
[Result "0-1"]
[WhiteElo "1982"]
[BlackElo "2116"]
[TimeControl "180+2"]
[EndTime "12:14:42 PDT"]
[Termination "Sinquefield won on time"]

1. e4 c5 2. Nf3 e6 3. d4 cxd4 4.
Nxd4 Nf6 5. Nc3 Bb4 6. Bc4 Nxe4 7. O-O Nxc3 8. bxc3 Be7 9. Qg4 g6 10. Bh6 d5 11.
Bb5+ Bd7 12. Rab1 Nc6 13. Bg7 Rg8 14. Bh6 e5 15. Qf3 exd4 16. Qxd5 a6 17. Ba4 Qc7 18. Rfe1 Be6 19. Qf3 O-O-O 20. Bf4 Bd6 21. Bg5 Rde8 22. Qd3 Bf5 23. Qf1 Bxh2+ 24. Kh1 Bf4 25. Bf6 Qd6 26.
Bxd4 Qd5 0-1

[Event "*** Titled Tuesday 3|2 Blitz"]
[Site "Chess.com"]
[Date "2016.09.06"]
[Round "6"]
[White "VMikhalevski"]
[Black "dusanacns"]
[Result "0-1"]
[WhiteElo "2433"]
[BlackElo "2548"]
[TimeControl "180+2"]
[EndTime "12:15:09 PDT"]
[Termination "dusanacns won by resignation"]

1. c4 g6 2. g3 Bg7 3. Bg2 d6 4. Nc3 e5 5. Nf3 Nd7 6. O-O Ne7 7. d4 O-O 8. b3 Nc6 9. e3 Re8 10. Bb2 e4 11. Nd2 f5 12. a3 Nf6 13. b4 g5 14. b5 Ne7 15. f3 exf3 16. Nxf3 h6 17. Qd3 d5 18. Ne5 Be6 19. c5 Ne4 20. Nxe4 dxe4 21.
Qe2 g4 22. d5 Nxd5 23. Rad1 Qg5 24. c6 bxc6 25. Rfe1 cxb5 26. Bd4 c5 27. Ba1 a6 28. Nc6 Bxa1 29. Rxa1 Rac8 30. Na5 Qd8 31. Nb3 Nc3 32. Qb2 Qd3 33. Nc1 Qc4 34. Bf1 Na4 35. Qf6 Qc3 36. Qxh6 Qxa1 0-1

[Event "*** Titled Tuesday 3|2 Blitz"]
[Site "Chess.com"]
[Date "2016.09.06"]
[Round "6"]
[White "roldieyi"]
[Black "FearlessKing64"]
[Result "1/2-1/2"]
[WhiteElo "2227"]
[BlackElo "2317"]
[TimeControl "180+2"]
[EndTime "12:15:09 PDT"]
[Termination "Game drawn by repetition"]

1. d4 Nf6 2. Nf3 g6 3. c4 Bg7 4. Nc3 d5 5. cxd5 Nxd5 6. e3 O-O 7. Bc4 Nb6 8. Bb3 Nc6 9. O-O e5 10. dxe5 Nxe5 11. Nxe5 Bxe5 12. Qf3 Qf6 13. Qe2 Be6 14. Ne4 Qe7 15. Bxe6 Qxe6 16. Nc5 Bxh2+ 17. Kxh2 Qd6+ 18. Kg1 Qxc5 19. Bd2 Rad8 20. Bc3 Qe7 21. Rad1 Nd5 22. Bd2 Nf4 23. Qf3 Nd5 24. Rfe1 c6 25. a3 Qf6 26. Ba5 Qxf3 27. gxf3 b6 28. Bd2 Rd7 29. e4 Nf6 30.
Bg5 Rxd1 31. Rxd1 Kg7 32. Rd6 Nh5 33. Rxc6 h6 34. Be3 Ra8 35. Rc7 Kf8 36. Bxh6+ Ke8 37. Be3 Ng7 38. f4 Ne6 39. Rb7 Nd8 40. Rc7 Ne6 41. Rb7 Nd8 42. Rc7 Ne6 1/2-1/2

[Event "*** Titled Tuesday 3|2 Blitz"]
[Site "Chess.com"]
[Date "2016.09.06"]
[Round "6"]
[White "NTBT_DHS"]
[Black "nihalsarin"]
[Result "0-1"]
[WhiteElo "2517"]
[BlackElo "2413"]
[TimeControl "180+2"]
[EndTime "12:15:12 PDT"]
[Termination "nihalsarin won by resignation"]

1. d4 e6 2. c4 Nf6 3. Nc3 Bb4 4. e3 O-O 5. Ne2 c6 6. g3 d5 7. cxd5 exd5 8. Bg2 Re8 9. Qc2 Nbd7 10. O-O Nf8 11.
a3 Bd6 12. b4 a6 13. Bb2 g6 14.
Rfc1 Bf5 15. Qb3 h5 16. a4 h4 17. b5 axb5 18. axb5 Rxa1 19. Rxa1 N8h7 20. bxc6 bxc6 21. Ra6 Bd7 22. Nxd5 Nxd5 23. Bxd5 Ng5 24. Bg2 Bg4 25. Nf4 Bxf4 26. gxf4 Nf3+ 27. Kh1 h3 28. Bf1 Nd2 29. Qd3 Bf3+ 30. Kg1 Qc8 31. f5 Qd8 32. f6 Qc8 33. Qxd2 Qg4+ 0-1

[Event "*** Titled Tuesday 3|2 Blitz"]
[Site "Chess.com"]
[Date "2016.09.06"]
[Round "6"]
[White "RodinMihail"]
[Black "pedromartinez91"]
[Result "1-0"]
[WhiteElo "2339"]
[BlackElo "2375"]
[TimeControl "180+2"]
[EndTime "12:15:14 PDT"]
[Termination "RodinMihail won on time"]

1. e4 e6 2. d4 d5 3. Nd2 Nf6 4. e5 Ne4 5. Nxe4 dxe4 6. Bc4 c5 7. d5 Nd7 8. dxe6 fxe6 9. Bxe6 Nxe5 10. Qh5+ Ng6 11. Bc4 Qd4 12. Bb5+ Bd7 13. c3 Qd6 14. Qe2 O-O-O 15. Bg5 Bxb5 16. Qxb5 Be7 17. Be3 Nf4 18. Bxf4 Qxf4 19. Qe2 Qg5 20. g3 e3 21. fxe3 Rhe8 22.
Nf3 Qh6 23. O-O Bf6 24. e4 Re7 25. Rae1 Rde8 26. Qc4 b6 27. Qd5 Kb8 28. e5 Bg5 29.
Kg2 Qg6 30. Qe4 Bh6 31. Qxg6 hxg6 32. h4 Kb7 33. Rd1 Re6 34. Rd7+ Kc6 35. Rxa7 1-0

[Event "*** Titled Tuesday 3|2 Blitz"]
[Site "Chess.com"]
[Date "2016.09.06"]
[Round "6"]
[White "goingin33"]
[Black "Mastervlad8"]
[Result "1-0"]
[WhiteElo "2151"]
[BlackElo "2143"]
[TimeControl "180+2"]
[EndTime "12:15:16 PDT"]
[Termination "goingin33 won on time"]

1. e4 c5 2. Nf3 e6 3. d4 cxd4 4. Nxd4 a6 5. Nc3 b5 6. g3 Bb7 7. Bg2 d6 8. O-O Nd7 9. a3 Be7 10. f4 Ngf6 11. g4 O-O 12. g5 Ne8 13. Rf3 g6 14. Rh3 e5 15. Nde2 exf4 16. Nxf4 Bxg5 17.
Nfd5 Bxd5 18. Nxd5 Ne5 19. Qe1 h5 20. Qg3 Bxc1 21. Rxc1 Nf6 22. Nxf6+ Qxf6 23. Rf1 Qg7 24. Rd1 Rac8 25. Qb3 Nc4 26. c3 Rfe8 27. Qb4 Qe5 28. b3 Nb6 29. Qxd6 Qxd6 30. Rxd6 Re6 31. Rxe6 fxe6 32.
Rd3 Kf7 33. Bh3 e5 34. Bxc8 Nxc8 35. Rd8 Ne7 36. Rd6 a5 37. Rb6 1-0

[Event "*** Titled Tuesday 3|2 Blitz"]
[Site "Chess.com"]
[Date "2016.09.06"]
[Round "6"]
[White "hypert"]
[Black "mwpchess"]
[Result "0-1"]
[WhiteElo "2334"]
[BlackElo "2438"]
[TimeControl "180+2"]
[EndTime "12:15:16 PDT"]
[Termination "mwpchess won by resignation"]

1. d4 Nf6 2. g3 d5 3. Bg2 e6 4.
Nf3 Be7 5. O-O O-O 6. Nbd2 Nbd7 7. c4 c6 8. b3 b6 9. a4 a5 10. Bb2 Ba6 11. Re1 Rc8 12. e4 Nxe4 13. Nxe4 dxe4 14. Rxe4 Nf6 15. Re1 c5 16. Qc2 Bb7 17. Rad1 Bxf3 18. Bxf3 cxd4 19. Bxd4 Qc7 20. Qe2 Bc5 21. Bxf6 gxf6 22.
Rd3 Rfd8 23. Red1 Be7 24. Qe4 Rxd3 25. Qg4+ Kf8 26. Rxd3 Rd8 27. Qh5 Kg7 28. Qg4+ Kf8 29. Be2 Rxd3 30. Bxd3 Bc5 31. Bxh7 Qe5 32. Qe4 Qb2 33.
Qc2 Qa1+ 34. Kg2 f5 35. g4 Qg7 36. Qd2 Qxg4+ 37. Kh1 Kg7 0-1